 Dungeon Crawl Stone Soup version 0.27-a0-1324-ge0d8e047f6 (webtiles) character file.

Game seed: 7273648764244107751

789 dinky3 the Vexing (level 7, 0/46 HPs)
             Began as a Vampire Conjurer on June 24, 2021.
             Was an Initiate of Ashenzari.
             Succumbed to a scorpion's poison
             ... on level 6 of the Dungeon.
             The game lasted 00:19:48 (2701 turns).

dinky3 the Vexing (Vampire Conjurer)                Turns: 2701, Time: 00:19:48

Health: 0/46       AC:  3    Str:  6    XL:     7   Next: 56%
Magic:  12/13      EV: 12    Int: 22    God:    Ashenzari [......]
Gold:   225        SH:  0    Dex: 13    Spells: 7/14 levels left

rFire    . . .     SeeInvis +   b - +0 demon whip (elec)
rCold    . . .     Faith    .   (no shield)
rNeg     . . .     Spirit   .   l - +0 robe
rPois    .         Reflect  .   (no helmet)
rElec    .         Harm     .   (no cloak)
rCorr    .         Rampage  .   (no gloves)
Will     +....                  g - +0 pair of boots
Stlth    +++.......             (no amulet)
HPRegen  0.35/turn              o - ring of willpower
MPRegen  0.13/turn              (no ring)

@: lethally poisoned (0 -> -3), healing quickly
A: alive, fangs 3, see invisible, vampiric 2
a: Exsanguinate, Renounce Religion, Curse Item


You were on level 6 of the Dungeon.
You worshipped Ashenzari.
Ashenzari was noncommittal.
You visited 2 branches of the dungeon, and saw 7 of its levels.

You collected 225 gold pieces.

Inventory:

Hand Weapons
 a - a +1 vampiric dagger
 b - a +0 demon whip of electrocution (weapon)
 c - a +0 short sword
 d - a +0 dagger
 p - a +1 dagger of speed
Missiles
 e - 19 poisoned darts (quivered)
Armour
 g - a +0 pair of boots (worn)
 l - a +0 robe (worn)
 r - a +0 pair of gloves
Jewellery
 f - a ring of fire
 o - a ring of willpower (left hand)
Scrolls
 i - a scroll of torment
 n - a scroll of teleportation
 q - a scroll of enchant weapon
Potions
 h - 2 potions of cancellation
 m - a potion of brilliance


   Skills:
 - Level 1.8 Short Blades
 - Level 2.6 Dodging
 + Level 6.9 Stealth
 + Level 4.1 Spellcasting
 - Level 3.1 Conjurations
 + Level 7.8 Hexes


You had 7 spell levels left.
You knew the following spells:

 Your Spells              Type           Power      Damage    Failure   Level
a - Magic Dart            Conj           72%        1d6       3%          1
b - Confusing Touch       Hex            39%        N/A       1%          3
c - Dazzling Flash        Conj/Hex       56%        N/A       3%          3

Your spell library contained the following spells:

 Spells                   Type           Power      Damage    Failure   Level
 Searing Ray              Conj           36%        3d4       4%          2
 Fulminant Prism          Conj/Hex       14%        3d9       12%         4
 Gell's Gravitas          Tloc           2%         N/A       32%         3
 Iskenderun's Mystic Bla  Conj/Tloc      11%        2d4       50%         4
 Metabolic Englaciation   Hex/Ice        10%        N/A       52%         5
 Yara's Violent Unravell  Hex/Tmut       10%        3d6       52%         5
 Petrify                  Tmut/Erth      4%         N/A       73%         4


Dungeon Overview and Level Annotations

Branches:
Dungeon (6/15)             Temple (1/1) D:4

Altars:
Ashenzari
Fedhas
Hepliaklqana
Kikubaaqudgha
Makhleb
Qazlal
Trog
Wu Jian
Xom
Zin
The Shining One


Innate Abilities, Weirdness & Mutations

Your natural rate of healing is accelerated.
You have razor-sharp teeth.
You have supernaturally acute eyesight. (SInv)
You are afflicted with vampirism and can become a bat while bloodless.


Message History

* * * LOW HITPOINT WARNING * * *
The phantom blinks!
You blink.
You feel sick.
You are no longer poisoned.
You feel better. The phantom barely misses you. The scorpion stings you.
* * * LOW HITPOINT WARNING * * *
You are lethally poisoned!
The scorpion poisons you! The scorpion barely misses you.
Unknown command.
* * * LOW HITPOINT WARNING * * *
You feel very sick.
Unknown command.
Okay, then.
Unknown command.
Okay, then.
* * * LOW HITPOINT WARNING * * *
You feel sick.
Unknown command.
* * * LOW HITPOINT WARNING * * *
You feel sick.
Blink to where?
Press: ? - help, Dir - move target
As you read the scroll of blinking, it crumbles to dust.
* * * LOW HITPOINT WARNING * * *
You feel sick.
Okay, then.
Casting: Confusing Touch (safe; 1% risk of failure)
Confirm with . or Enter, or press ? or * to list all spells.
Okay, then.
Okay, then.
Okay, then.
Casting: Confusing Touch (safe; 1% risk of failure)
Confirm with . or Enter, or press ? or * to list all spells.
Okay, then.
Keep bloodletting?
* * * LOW HITPOINT WARNING * * *
You feel sick.
You begin bloodletting.
You continue bloodletting.
You die...

...# ....... ##..##.#
...##.......# ### ##......###
...#.....#..### #.###..#..###..
.........#....# #..##.....###..
..........#...# #...##....##...
..............# #..###.........
#..#..........## ##..##.........#
..##..###...<..###..............#
..<.............@................
...............#.................
.............####...........#..##
............## .......?....###.#
............# ##.#.#....##W# #.#
.####........ ...#.#.s.##..###..
..#.....###....##......#....##...
..#...... #### ..##.W.........
......... # ##.....####


You could see a phantom and a scorpion.

Vanquished Creatures
  A black bear (D:5)
  An ogre (D:5)
  2 scorpions
  A centaur zombie (D:4)
  3 hounds
  An orc priest (D:5)
  3 iguanas
  Terence (D:2)
  2 orc wizards (D:5)
  2 hound skeletons
  Robin (D:3)
  3 gnolls (D:5)
  2 adders (D:4)
  A white imp (D:6)
  An ufetubus (D:5)
  A dart slug (D:1)
  6 orcs
  7 ball pythons
  10 endoplasms
  2 giant cockroaches
  19 goblins
  9 hobgoblins
  4 jackals
  8 kobolds
  4 quokkas
  6 bats
  12 frilled lizards
  A rat (D:1)
114 creatures vanquished.

Vanquished Creatures (others)
  12 plants
12 creatures vanquished.

Grand Total: 126 creatures vanquished

Notes
Turn   | Place    | Note
-------+----------+-------------------------------------------
     0 | D:1      | dinky3 the Vampire Conjurer began the quest for the Orb.
     0 | D:1      | Reached XP level 1. HP: 13/13 MP: 3/3
   188 | D:1      | Reached XP level 2. HP: 19/19 MP: 0/5
   539 | D:2      | Gained mutation: You are afflicted with vampirism and can
                  | become a bat while bloodless. [Vampire growth]
   539 | D:2      | Reached XP level 3. HP: 24/24 MP: 2/6
   543 | D:2      | Learned a level 3 spell: Confusing Touch
   574 | D:2      | Noticed Terence
   601 | D:2      | Killed Terence
   602 | D:2      | Reached skill level 1 in Hexes
   725 | D:1      | Reached skill level 2 in Hexes
   726 | D:1      | Reached XP level 4. HP: 18/30 MP: 1/7
   890 | D:3      | Noticed Robin
   918 | D:3      | Reached skill level 3 in Hexes
  1121 | D:3      | Killed Robin
  1287 | D:4      | Reached skill level 4 in Hexes
  1329 | D:4      | Learned a level 3 spell: Dazzling Flash
  1469 | D:4      | Found a staircase to the Ecumenical Temple.
  1482 | D:4      | Reached XP level 5. HP: 32/35 MP: 2/8
  1484 | Temple   | Entered the Ecumenical Temple
  1492 | Temple   | Became a worshipper of Ashenzari the Shackled
  1516 | D:4      | Identified the +1 leather armour of Watchfulness {-Tele
                  | rElec rPois Str-5}
  1535 | D:5      | Entered Level 5 of the Dungeon
  1561 | D:5      | Noticed a black bear
  1571 | D:5      | Found the +3 giant club "Skullcrusher" {speed, Str+7}
  1572 | D:5      | Killed a black bear
  1573 | D:5      | Reached skill level 6 in Hexes
  1573 | D:5      | Reached skill level 1 in Short Blades
  1596 | D:5      | Noticed an ogre
  1607 | D:5      | Killed an ogre
  1608 | D:5      | Reached XP level 6. HP: 14/41 MP: 3/10
  1738 | D:6      | Noticed a troll
  1850 | D:4      | Reached skill level 5 in Stealth
  2257 | D:4      | Reached skill level 7 in Hexes
  2257 | D:4      | Reached XP level 7. HP: 20/46 MP: 4/12
  2463 | D:6      | Found a shimmering altar of Xom.
  2699 | D:6      | HP: 2/46 [poisoned by a scorpion]
  2701 | D:6      | Succumbed to a scorpion's poison

Illustrated notes

Levels and vault maps discovered:
D:1:      tarquinn_simple_flora_water_a, layout_basic,
          hellmonk_ecumenical_altar_leap_of_faith, minivault_14
D:2:      layout_rooms, solitary_fountain, minmay_misc_feat_chi, uniq_natasha,
          uniq_terence
D:3:      layout_basic, portal_sewer_entry_e, uniq_robin
D:4:      layout_cave_pods, zin_treasury, minmay_temple_entry_wispy,
          minmay_lizard_king
D:5:      layout_basic, roderic_batcave
D:6:      layout_cave_pools, xom_teletrap_fun, grunt_ministairs_5, uniq_grinder
Temple:   nicolae_temple_x_marks_the_god

Skill      XL: |  1  2  3  4  5  6  7 |
---------------+----------------------+-----
Conjurations   | 3 |  3.1
Stealth        | 4 5 6 |  6.9
Hexes          | 2 4 6 7 |  7.8
Short Blades   | 1 |  1.8
Spellcasting   | 3 4 |  4.1
Dodging        | |  2.6

Action                   |  1- 3 |  4- 6 |  7- 9 || total
-------------------------+-------+-------+-------++-------
Melee: Unarmed           |     4 |       |    17 ||    21
       Dagger            |    29 |   144 |    55 ||   228
       Bite              |     2 |    15 |     6 ||    23
       Short sword       |     1 |       |       ||     1
       Demon whip        |       |    53 |     6 ||    59
Throw: Dart              |     5 |    30 |       ||    35
 Cast: Magic Dart        |    53 |    39 |    10 ||   102
       Confusing Touch   |       |    16 |     8 ||    24
       Dazzling Flash    |       |     5 |     1 ||     6
 Abil: Exsanguinate      |       |       |     1 ||     1
  Use: Scroll            |       |     2 |     1 ||     3
       Potion            |       |       |     3 ||     3
 Stab: Sleeping          |     4 |    10 |     1 ||    15
       Invisible         |       |     2 |       ||     2
       Confused          |       |     4 |     7 ||    11
Armor: Robe              |     9 |    38 |    21 ||    68
       Skin              |       |       |    16 ||    16
Dodge: Dodged            |    45 |   131 |    39 ||   215

Table legend: (Time is in decaauts)
 A = Elapsed time spent in this place.
 B = Non-inter-level travel time spent in this place.
 C = Inter-level travel time spent in this place.
 D = Time resting spent in this place.
 E = Time spent auto-exploring this place.
 F = Levels seen in this place.
 G = Mean time per level.
                   A        B        C        D        E       F      G
               +--------+--------+--------+--------+--------+-----+--------+
         Total |   2700 |   2513 |    187 |      0 |      0 |   7 |  385.7 |
       Dungeon |   2684 |   2497 |    187 |      0 |      0 |   6 |  447.3 |
        Temple |     15 |     15 |      0 |      0 |      0 |   1 |   15.0 |
               +--------+--------+--------+--------+--------+-----+--------+

Top non-repeatable levels by time:
     D:4: 789 daAuts
     D:1: 570 daAuts
     D:5: 557 daAuts
     D:3: 475 daAuts
     D:2: 191 daAuts
     D:6: 100 daAuts
  Temple: 15 daAuts
